General information
- name: BNet
- type: Ladder team game (AT/RT)
- host: Battle.net
- saver: sc2no.wc4yes
map: GoldRush
- players: 8
- length: 30:43
- speed: Fast
- version: 1.26 W3XP
- replay type: Public
» download(181 KB)
Players
team 1 (loser)
Smoove. (
purple | 87 APM | 2543 actions | 29:15)
5 Mountain King
3 Storm Bolt
2 Bash
4 Dreadlord
2 Sleep
2 Vampiric Aura
» actions
| Assign group hotkey | 26 | |
| Basic commands | 35 | |
| Build / train | 65 | |
| ESC pressed | 3 | |
| Enter build submenu | 29 | |
| Enter hero's abilities submenu | 9 | |
| Right click | 1113 | |
| Select / deselect | 333 | |
| Select group hotkey | 863 | |
| Use ability | 67 | |
2543 total
» units
| Peasant | 12 | |
| Rifleman | 8 | |
| Ghoul | 2 | |
| Mortar Team | 6 | |
| Abomination | 6 | |
| Obsidian Statue | 1 | |
| Meatwagon | 1 | |
36 total
» upgrades
| Gunpowder | 2 | |
| Lumber Harvesting | 1 | |
| Flare | 1 | |
| Unholy Armor | 1 | |
| Disease Cloud | 1 | |
6 total
» buildings
| Altar of Kings | 1 | |
| Farm | 10 | |
| Blacksmith | 1 | |
| Barracks | 2 | |
| Arcane Vault | 1 | |
| Lumber Mill | 1 | |
| Halls of the Dead | 5 | |
| Ziggurat | 4 | |
| Nerubian Tower | 1 | |
| Spirit Tower | 3 | |
| Keep | 2 | |
| Black Citadel | 1 | |
| Slaughterhouse | 3 | |
| Workshop | 2 | |
| Tomb of Relics | 1 | |
| Town Hall | 1 | |
39 total
» build order
00:07 Altar of Kings
00:19 Farm
00:55 Farm
01:32 Blacksmith
01:44 Barracks
02:06 Barracks
02:16 Arcane Vault
02:22 Farm
02:29 Farm
03:16 Farm
03:26 Lumber Mill
03:32 Halls of the Dead
03:43 Ziggurat
04:13 Nerubian Tower
04:15 Spirit Tower
04:51 Halls of the Dead
04:52 Halls of the Dead
05:11 Farm
05:34 Spirit Tower
05:53 Keep
05:53 Keep
07:44 Black Citadel
07:47 Slaughterhouse
08:16 Workshop
08:17 Workshop
08:33 Slaughterhouse
09:07 Farm
09:53 Farm
09:55 Farm
09:57 Farm
10:14 Slaughterhouse
11:31 Tomb of Relics
11:59 Ziggurat
12:00 Ziggurat
12:02 Ziggurat
19:36 Town Hall
20:34 Spirit Tower
» items

»
HiMommy (
red | 30 APM | 924 actions | 30:41)
4 Far Seer
2 Feral Spirit
2 Chain Lighting
» actions
| Assign group hotkey | 17 | |
| Build / train | 66 | |
| ESC pressed | 1 | |
| Enter build submenu | 24 | |
| Enter hero's abilities submenu | 4 | |
| Give item / drop item | 1 | |
| Right click | 394 | |
| Select / deselect | 300 | |
| Select group hotkey | 34 | |
| Use ability | 83 | |
924 total
» units
| Peon | 21 | |
| Grunt | 3 | |
| Ghoul | 3 | |
| Shaman | 2 | |
| Tauren | 3 | |
| Troll Witch Doctor | 1 | |
33 total
» upgrades
| Spiked Barricades | 1 | |
| Armor | 2 | |
| Melee Weapons | 3 | |
| Shaman Training | 2 | |
| Reinforced Defenses | 1 | |
| Pulverize | 1 | |
| Witch Doctor Training | 2 | |
12 total
» buildings
| Orc Burrow | 5 | |
| Altar of Storms | 1 | |
| Barracks | 1 | |
| War Mill | 1 | |
| Voodoo Lounge | 1 | |
| Watch Tower | 7 | |
| Stronghold | 1 | |
| Great Hall | 3 | |
| Ziggurat | 1 | |
| Fortress | 1 | |
| Spirit Lodge | 1 | |
| Tauren Totem | 2 | |
25 total
» build order
00:12 Orc Burrow
00:24 Altar of Storms
00:56 Barracks
01:40 Orc Burrow
02:05 War Mill
02:21 Voodoo Lounge
02:55 Orc Burrow
04:37 Watch Tower
04:44 Watch Tower
04:58 Watch Tower
05:37 Watch Tower
05:59 Watch Tower
07:45 Stronghold
07:51 Great Hall
08:50 Ziggurat
09:02 Orc Burrow
10:16 Fortress
11:10 Spirit Lodge
11:31 Orc Burrow
12:56 Great Hall
13:09 Tauren Totem
13:15 Tauren Totem
16:10 Watch Tower
16:16 Watch Tower
26:36 Great Hall
» items
| Healing Salve | 5 | |
| Scroll of Speed | 2 | |
| Lesser Clarity Potion | 1 | |
| Scroll of Town Portal | 3 | |
| Orb of Lightning | 1 | |
| Potion of Healing | 1 | |
| Tiny Great Hall | 1 | |
14 total
STD_Maker (
pink | 22 APM | 57 actions | 02:35)
» actions
| Build / train | 14 | |
| Enter build submenu | 5 | |
| Right click | 18 | |
| Select / deselect | 14 | |
| Use ability | 6 | |
57 total
» units
» buildings
| Ziggurat | 2 | |
| Altar of Darkness | 1 | |
| Crypt | 1 | |
| Graveyard | 1 | |
5 total
» build order
00:08 Altar of Darkness
00:11 Crypt
01:47 Ziggurat
02:33 Graveyard
madmadmax (
yellow | 33 APM | 1020 actions | 30:36)
5 Crypt Lord
1 Carrion Beetles
3 Spiked Carapace
1 Impale
1 Dreadlord
1 Vampiric Aura
5 Death Knight
3 Death Coil
1 Death Pact
1 Unholy Aura
» actions
| Assign group hotkey | 18 | |
| Build / train | 74 | |
| Enter build submenu | 22 | |
| Enter hero's abilities submenu | 11 | |
| Remove unit from queue | 2 | |
| Right click | 309 | |
| Select / deselect | 242 | |
| Select group hotkey | 291 | |
| Use ability | 51 | |
1020 total
» units
| Acolyte | 24 | |
| Ghoul | 8 | |
| Crypt Fiend | 11 | |
| Obsidian Statue | 2 | |
| Frost Wyrm | 4 | |
49 total
» upgrades
| Creature Attack | 2 | |
| Unholy Strength | 1 | |
| Web | 1 | |
| Creature Carapace | 1 | |
| Freezing Breath | 1 | |
6 total
» buildings
| Crypt | 1 | |
| Ziggurat | 10 | |
| Graveyard | 1 | |
| Altar of Darkness | 1 | |
| Nerubian Tower | 1 | |
| Tomb of Relics | 1 | |
| Halls of the Dead | 1 | |
| Black Citadel | 1 | |
| Slaughterhouse | 1 | |
| Sacrificial Pit | 1 | |
| Boneyard | 1 | |
| Spirit Tower | 1 | |
21 total
» build order
00:23 Crypt
00:31 Ziggurat
00:48 Graveyard
01:01 Altar of Darkness
01:41 Ziggurat
02:05 Nerubian Tower
03:04 Tomb of Relics
04:29 Halls of the Dead
05:16 Ziggurat
07:45 Black Citadel
09:03 Slaughterhouse
09:08 Ziggurat
10:58 Sacrificial Pit
11:26 Ziggurat
12:58 Boneyard
13:02 Ziggurat
13:04 Ziggurat
14:30 Spirit Tower
18:17 Ziggurat
18:20 Ziggurat
23:15 Ziggurat
» items
team 2 (winner)
Multi-Thread (
teal | 51 APM | 1577 actions | 30:42)
4 Archmage
1 Blizzard
1 Brilliance Aura
2 Summon Water Elemental
4 Pit Lord
2 Rain of Fire
1 Howl of Terror
1 Cleaving Attack
» actions
| Build / train | 119 | |
| ESC pressed | 2 | |
| Enter build submenu | 46 | |
| Enter hero's abilities submenu | 9 | |
| Give item / drop item | 1 | |
| Remove unit from queue | 1 | |
| Right click | 779 | |
| Select / deselect | 485 | |
| Use ability | 135 | |
1577 total
» units
| Peasant | 38 | |
| Knight | 7 | |
| Siege Engine | 7 | |
52 total
» upgrades
| Swords | 1 | |
| Lumber Harvesting | 2 | |
| Masonry | 3 | |
| Plating | 2 | |
| Barrage | 1 | |
| Animal War Training | 1 | |
10 total
» buildings
| Altar of Kings | 3 | |
| Farm | 12 | |
| Scout Tower | 6 | |
| Keep | 2 | |
| Arcane Tower | 1 | |
| Blacksmith | 1 | |
| Lumber Mill | 4 | |
| Arcane Vault | 4 | |
| Guard Tower | 8 | |
| Castle | 1 | |
| Barracks | 5 | |
| Workshop | 2 | |
| Town Hall | 4 | |
53 total
» build order
00:11 Altar of Kings
00:16 Farm
00:56 Farm
01:39 Farm
02:04 Farm
02:18 Scout Tower
02:29 Scout Tower
02:50 Keep
02:52 Scout Tower
03:19 Arcane Tower
03:22 Blacksmith
03:57 Lumber Mill
04:12 Arcane Vault
04:18 Farm
04:20 Farm
05:00 Farm
05:11 Guard Tower
05:13 Guard Tower
05:16 Castle
07:39 Castle
07:42 Barracks
07:44 Farm
08:33 Barracks
09:07 Workshop
09:24 Farm
09:28 Arcane Vault
09:48 Barracks
09:53 Barracks
11:08 Town Hall
12:07 Arcane Vault
13:03 Altar of Kings
14:48 Town Hall
15:13 Workshop
16:01 Guard Tower
16:50 Guard Tower
19:24 Lumber Mill
21:57 Guard Tower
24:16 Town Hall
25:20 Guard Tower
26:07 Farm
26:10 Farm
26:40 Lumber Mill
27:15 Altar of Kings
28:00 Farm
28:05 Scout Tower
28:24 Scout Tower
28:45 Scout Tower
28:50 Lumber Mill
29:34 Guard Tower
29:37 Barracks
29:39 Keep
29:58 Guard Tower
30:01 Town Hall
30:31 Arcane Vault
» items
| Scroll of Regeneration | 5 | |
| Lesser Clarity Potion | 5 | |
| Ivory Tower | 10 | |
| Scroll of Speed | 1 | |
| Potion of Lesser Invulnerability | 2 | |
| Boots of Speed | 2 | |
| Scroll of Town Portal | 2 | |
| Potion of Healing | 1 | |
| Staff of Sanctuary | 1 | |
| Staff of Teleportation | 1 | |
| Potion of Mana | 1 | |
31 total

»
sc2no.wc4yes (
blue | 75 APM | 2292 actions | 30:43)
8 Blademaster
3 Wind Walk
3 Critical Strike
1 Bladestorm
1 Mirror Image
» actions
| Assign group hotkey | 49 | |
| Basic commands | 39 | |
| Build / train | 112 | |
| ESC pressed | 5 | |
| Enter build submenu | 134 | |
| Enter hero's abilities submenu | 8 | |
| Give item / drop item | 14 | |
| Right click | 932 | |
| Select / deselect | 224 | |
| Select group hotkey | 366 | |
| Use ability | 409 | |
2292 total
» units
» upgrades
| Spiked Barricades | 2 | |
| Reinforced Defenses | 1 | |
3 total
» buildings
| Altar of Storms | 1 | |
| Orc Burrow | 3 | |
| Voodoo Lounge | 2 | |
| War Mill | 2 | |
| Watch Tower | 141 | |
| Stronghold | 1 | |
| Fortress | 1 | |
| Great Hall | 3 | |
154 total
» build order
00:10 Altar of Storms
00:17 Orc Burrow
00:46 Voodoo Lounge
01:08 War Mill
01:33 Orc Burrow
03:36 Watch Tower
03:38 Watch Tower
03:39 Watch Tower
03:43 Watch Tower
04:27 Watch Tower
04:28 Watch Tower
04:30 Watch Tower
04:31 Watch Tower
05:59 Stronghold
06:27 Watch Tower
06:27 Watch Tower
06:29 Watch Tower
06:29 Watch Tower
06:39 Watch Tower
08:19 Watch Tower
08:20 Watch Tower
08:22 Fortress
08:46 Great Hall
09:08 Voodoo Lounge
09:09 Watch Tower
10:47 Watch Tower
10:47 Watch Tower
10:48 Watch Tower
13:06 Watch Tower
13:07 Watch Tower
13:32 Watch Tower
13:33 Watch Tower
13:33 Watch Tower
13:34 Watch Tower
13:34 Watch Tower
14:20 Watch Tower
14:20 Watch Tower
14:20 Watch Tower
14:36 Watch Tower
14:36 Watch Tower
14:58 Watch Tower
15:00 Great Hall
15:33 Watch Tower
15:33 Watch Tower
15:59 Watch Tower
15:59 Watch Tower
17:23 Watch Tower
17:24 Watch Tower
17:24 Watch Tower
17:25 Watch Tower
17:26 Watch Tower
17:27 Watch Tower
17:49 Watch Tower
17:50 Watch Tower
17:50 Watch Tower
18:48 Watch Tower
18:48 Watch Tower
18:48 Watch Tower
18:49 Watch Tower
19:11 Watch Tower
19:11 Watch Tower
19:26 Watch Tower
19:26 Watch Tower
19:27 Watch Tower
19:36 Orc Burrow
19:38 War Mill
20:01 Watch Tower
20:01 Watch Tower
20:01 Watch Tower
20:01 Watch Tower
20:43 Watch Tower
20:44 Watch Tower
20:44 Watch Tower
20:45 Watch Tower
20:48 Watch Tower
20:49 Watch Tower
21:27 Watch Tower
21:28 Watch Tower
21:28 Watch Tower
21:28 Watch Tower
22:05 Great Hall
22:08 Watch Tower
22:08 Watch Tower
22:08 Watch Tower
22:08 Watch Tower
22:49 Watch Tower
22:49 Watch Tower
22:49 Watch Tower
22:50 Watch Tower
22:53 Watch Tower
22:53 Watch Tower
22:54 Watch Tower
23:27 Watch Tower
23:27 Watch Tower
23:28 Watch Tower
23:28 Watch Tower
23:42 Watch Tower
23:42 Watch Tower
23:43 Watch Tower
23:43 Watch Tower
23:43 Watch Tower
24:34 Watch Tower
24:35 Watch Tower
24:35 Watch Tower
24:38 Watch Tower
24:39 Watch Tower
24:39 Watch Tower
24:39 Watch Tower
24:40 Watch Tower
24:45 Watch Tower
24:46 Watch Tower
25:52 Watch Tower
25:52 Watch Tower
25:52 Watch Tower
25:53 Watch Tower
25:53 Watch Tower
25:53 Watch Tower
25:56 Watch Tower
25:56 Watch Tower
26:32 Watch Tower
26:33 Watch Tower
26:33 Watch Tower
26:34 Watch Tower
27:39 Watch Tower
27:39 Watch Tower
27:40 Watch Tower
27:40 Watch Tower
27:40 Watch Tower
27:41 Watch Tower
27:41 Watch Tower
27:46 Watch Tower
27:46 Watch Tower
27:46 Watch Tower
27:47 Watch Tower
27:47 Watch Tower
27:47 Watch Tower
27:48 Watch Tower
27:48 Watch Tower
28:09 Watch Tower
28:10 Watch Tower
28:10 Watch Tower
28:10 Watch Tower
28:10 Watch Tower
28:11 Watch Tower
28:11 Watch Tower
28:11 Watch Tower
28:12 Watch Tower
» items
| Lesser Clarity Potion | 15 | |
| Healing Salve | 4 | |
| Circlet of Nobility | 4 | |
| Staff of Teleportation | 1 | |
| Potion of Mana | 9 | |
| Potion of Healing | 8 | |
| Boots of Speed | 1 | |
| Orb of Lightning | 1 | |
| Scroll of Regeneration | 1 | |
| Potion of Lesser Invulnerability | 1 | |
| Scroll of Town Portal | 2 | |
47 total

»
Scotsman (
orange | 37 APM | 1136 actions | 30:42)
3 Archmage
2 Summon Water Elemental
1 Brilliance Aura
3 Paladin
2 Holy Light
1 Divine Shield
3 Mountain King
2 Storm Bolt
1 Bash
» actions
| Assign group hotkey | 21 | |
| Build / train | 101 | |
| Enter build submenu | 35 | |
| Enter hero's abilities submenu | 11 | |
| Remove unit from queue | 5 | |
| Right click | 384 | |
| Select / deselect | 250 | |
| Select group hotkey | 181 | |
| Use ability | 148 | |
1136 total
» units
| Peasant | 26 | |
| Footman | 9 | |
| Knight | 6 | |
| Siege Engine | 2 | |
43 total
» upgrades
| Defend | 1 | |
| Masonry | 3 | |
| Lumber Harvesting | 1 | |
| Plating | 3 | |
| Swords | 2 | |
| Animal War Training | 1 | |
| Barrage | 1 | |
| Gunpowder | 3 | |
| Flak Cannons | 1 | |
| Flying Machine Bombs | 1 | |
17 total
» buildings
| Farm | 21 | |
| Altar of Kings | 4 | |
| Barracks | 4 | |
| Scout Tower | 15 | |
| Lumber Mill | 2 | |
| Arcane Tower | 1 | |
| Keep | 2 | |
| Guard Tower | 8 | |
| Town Hall | 1 | |
| Castle | 3 | |
| Blacksmith | 2 | |
| Workshop | 5 | |
| Arcane Vault | 1 | |
69 total
» build order
00:20 Farm
00:20 Farm
00:30 Altar of Kings
00:44 Barracks
01:48 Farm
03:38 Scout Tower
03:45 Lumber Mill
03:52 Scout Tower
03:54 Scout Tower
04:16 Arcane Tower
04:19 Keep
04:32 Farm
04:34 Farm
05:12 Guard Tower
05:23 Scout Tower
05:36 Town Hall
06:00 Guard Tower
07:46 Castle
09:13 Barracks
09:16 Blacksmith
10:31 Workshop
10:32 Workshop
10:41 Farm
10:43 Farm
10:44 Farm
10:50 Scout Tower
10:51 Scout Tower
10:52 Scout Tower
10:53 Scout Tower
12:02 Farm
12:05 Farm
12:06 Farm
13:02 Arcane Vault
13:06 Scout Tower
13:07 Scout Tower
13:09 Scout Tower
14:25 Guard Tower
14:25 Guard Tower
14:29 Guard Tower
14:56 Guard Tower
15:39 Farm
15:40 Farm
19:34 Altar of Kings
19:35 Altar of Kings
19:42 Workshop
20:08 Altar of Kings
20:48 Barracks
20:55 Barracks
21:47 Keep
21:55 Scout Tower
21:56 Scout Tower
21:57 Scout Tower
21:58 Scout Tower
23:03 Lumber Mill
24:16 Castle
24:17 Castle
24:18 Guard Tower
24:19 Guard Tower
24:24 Blacksmith
24:34 Farm
24:34 Farm
24:46 Farm
24:47 Farm
24:49 Farm
27:41 Workshop
27:42 Workshop
27:46 Farm
27:48 Farm
27:49 Farm
» items
| Healing Salve | 2 | |
| Scroll of Town Portal | 3 | |
| Orb of Lightning | 2 | |
7 total

»
lossbot2.0 (
green | 40 APM | 1219 actions | 30:42)
3 Keeper of the Grove
2 Entangling Roots
1 Thorns Aura
» actions
| Assign group hotkey | 12 | |
| Basic commands | 21 | |
| Build / train | 46 | |
| Enter build submenu | 26 | |
| Enter hero's abilities submenu | 3 | |
| Remove unit from queue | 1 | |
| Right click | 764 | |
| Select / deselect | 149 | |
| Select group hotkey | 128 | |
| Use ability | 69 | |
1219 total
» units
» upgrades
| Strength of the Wild | 1 | |
| Improved Bows | 1 | |
2 total
» buildings
| Altar of Elders | 1 | |
| Moon Well | 6 | |
| Ancient of War | 1 | |
| Tree of Ages | 4 | |
| Hunter's Hall | 3 | |
| Ancient of Wonders | 1 | |
| Ancient Protector | 1 | |
| Tree of Eternity | 1 | |
| Tree of Life | 5 | |
23 total
» build order
00:17 Altar of Elders
00:26 Moon Well
01:09 Ancient of War
01:36 Moon Well
02:49 Tree of Ages
02:58 Hunter's Hall
04:05 Ancient of Wonders
04:13 Moon Well
04:39 Moon Well
05:14 Ancient Protector
05:30 Tree of Eternity
08:56 Tree of Life
10:38 Tree of Life
11:51 Moon Well
11:59 Moon Well
14:16 Tree of Ages
18:00 Tree of Life
21:57 Tree of Ages
23:11 Hunter's Hall
24:20 Hunter's Hall
24:51 Tree of Life
29:39 Tree of Life
» items
| Potion of Healing | 1 | |
| Healing Salve | 2 | |
| Staff of Teleportation | 1 | |
| Periapt of Vitality | 1 | |
| Lesser Clarity Potion | 3 | |
| Potion of Mana | 1 | |
9 total
Chat log
(00:08 / All) Multi-Thread: STOP
(00:13 / All) Multi-Thread: STOP
(01:54 / All) Multi-Thread: L
(01:55 / All) Multi-Thread: A
(01:55 / All) Multi-Thread: G
(02:13 / All) Multi-Thread: K
(02:16 / All) HiMommy: stop hacking him teal
(02:30 / All) Multi-Thread: K
(02:36 / All) Multi-Thread: BYE
(03:33 / Allies) sc2no.wc4yes: obviously they will rush now
(05:06 / Allies) sc2no.wc4yes: tower up yall or get owned by raush
(05:46 / Allies) Multi-Thread: tp
(05:47 / Allies) Multi-Thread: all
(05:49 / Allies) Multi-Thread: now
(05:52 / Allies) sc2no.wc4yes: they have too much its hopeless
(08:20 / Allies) Scotsman: so werre getting rushed and teal and blue get nothing?
(08:27 / Allies) Scotsman: not a single unit
(08:37 / Allies) sc2no.wc4yes: not my problem he didnt tower
(13:37 / Allies) Scotsman: green
(21:38 / Allies) Scotsman: so all we have is teal and a bunch of towers...
(21:41 / Allies) Scotsman: blue you suck
(21:55 / Allies) sc2no.wc4yes: you have towers?
(22:18 / Allies) Scotsman: the point is you have no units, except peons
(22:33 / Allies) sc2no.wc4yes: why is your hero level 3 when mine is 6?
(22:38 / Allies) sc2no.wc4yes: hint: its not because you made too many units
(22:53 / Allies) Scotsman: why are we going to lose? hint: you suck
(26:52 / All) Multi-Thread: HOPE
(27:04 / All) Multi-Thread: BLUE IS DRAWING
(28:33 / Allies) sc2no.wc4yes: how does it feel to get carried by a bm and some towers
(28:47 / All) Smoove.: gg
(28:48 / Allies) Scotsman: talk about it when if we survive
(28:52 / All) Smoove.: noob allies
(28:55 / All) Smoove.: dont even talk
(28:57 / All) sc2no.wc4yes: my ally is 3-6 solo
(28:58 / All) sc2no.wc4yes: hes pro?
(29:05 / All) Multi-Thread: BLUE IS DRAWING
(29:06 / All) Multi-Thread: FUCK
(29:19 / All) Multi-Thread: HAAHAHAHAHAH
(29:29 / All) Multi-Thread: gg = get gold
(30:00 / Allies) sc2no.wc4yes: kill their heros now
(30:01 / Allies) sc2no.wc4yes: and they leave
(30:23 / All) Multi-Thread: BIG TRASH GAME